AoeStats
← [AFK]The_Offwo

Hideout

507606026Analyzed
1v1 RM · 12d ago on Sep 19, 2026· 51m 3s· 2 players
Game mode
Random Map
Map size
Tiny (2 player)
Population
200
Speed
Normal
Resources
Standard
Victory
Conquest
Starting age
Dark Age
Ending age
Imperial Age
RankedLock teamsTeams togetherTeam positionsShared explorationLock speedFull tech treeHidden civsTurbo modeCheats
Victory
Defeat
🇬🇧 Dravidians · United Kingdom
1602
+14
🇹🇷 Mongols · Türkiye
1551
-14
Kr4mer
8:04 Loom
9:49 Feudal Age
14:05 Castle Age
11:48 Horse Collar
12:32 Double-Bit Axe
15:12 Heavy Plow
15:10 Fletching
24:41 Wheelbarrow
25:42 Bodkin Arrow
27:22 Bow Saw
27:39 Heavy Plow
27:30 Gold Mining
27:33 Stone Mining
28:12 Padded Archer Armor
33:14 Imperial Age
31:39 Leather Archer Armor
32:39 Ballistics
32:53 Bloodlines
32:44 Husbandry
33:55 Bracer
34:17 Conscription
35:00 Chemistry
34:51 Parthian Tactics
35:23 Scale Barding Armor
36:51 Chain Barding Armor
36:42 Forging
36:21 Light Cavalry
36:49 Elite Mangudai
37:46 Masonry
37:04 Light Cavalry
37:42 Hussar
42:01 Iron Casting
42:10 Heavy Camel Rider
43:18 Capped Ram
44:40 Siege Ram
45:31 Heavy Scorpion
[AFK]The_Offwo
11:00 Feudal Age
11:55 Double-Bit Axe
14:47 Castle Age
13:14 Horse Collar
13:54 Gold Mining
14:33 Fletching
15:07 Loom
15:47 Bow Saw
17:30 Wheelbarrow
18:20 Bodkin Arrow
18:26 Crossbowman
20:48 Padded Archer Armor
22:33 Ballistics
23:38 Heavy Plow
27:30 Hand Cart
27:35 Town Watch
33:49 Imperial Age
31:52 Leather Archer Armor
32:01 Pikeman
32:44 Scale Mail Armor
33:56 Gambesons
34:25 Thumb Ring
34:32 Bracer
34:15 Arbalester
34:18 Elite Skirmisher
36:11 Ring Archer Armor
36:48 Conscription
37:20 Chain Mail Armor
37:07 Squires
37:45 Masonry
38:37 Chemistry
37:48 Masonry
37:40 Halberdier
38:53 Plate Mail Armor
39:53 Forging
39:08 Elite Elephant Archer
40:19 Guilds
41:33 Iron Casting
46:25 Fortified Wall
47:30 Two-Man Saw
48:45 Medical Corps
49:10 Man-at-Arms
50:24 Arson
51:16 Wootz Steel
Connection lost

Rejoining the realm…

Still unreachable

The connection could not be restored.

Session expired

The server has moved on; the page needs a fresh start.